AoeStats
← IBlink182

Black Forest

508355627Analyzed
2v2 RM · 9d ago on Sep 22, 2026· 72m 30s· 4 players
Game mode
Random Map
Map size
Medium (4 player)
Population
200
Speed
Normal
Resources
Standard
Victory
Conquest
Starting age
Dark Age
Ending age
Imperial Age
RankedLock teamsTeams togetherTeam positionsShared explorationLock speedFull tech treeHidden civsTurbo modeCheats
Victory
Defeat
🇺🇸 Byzantines · United States
871
+11
🇺🇸 Slavs · United States
843
+12
🇺🇸 Celts · United States
780
-13
🇵🇪 Teutons · Peru
719
-10
mosesdretg
1:44 Loom
11:48 Feudal Age
12:50 Double-Bit Axe
18:16 Castle Age
18:15 Horse Collar
19:09 Bow Saw
19:43 Heavy Plow
25:20 Wheelbarrow
26:34 Hand Cart
31:16 Imperial Age
32:22 Furor Celtica
32:34 Siege Engineers
32:41 Gold Mining
34:10 Scale Mail Armor
34:24 Sappers
34:18 Onager
36:48 Chain Mail Armor
35:56 Pikeman
36:05 Heavy Scorpion
37:38 Halberdier
39:01 Plate Mail Armor
39:39 Forging
40:07 Siege Onager
48:31 Iron Casting
49:09 Chemistry
48:30 Ballistics
56:50 Capped Ram
61:05 Hoardings
60:21 Stronghold
IBlink182
0:46 Loom
13:56 Feudal Age
15:26 Wheelbarrow
16:17 Gold Mining
16:20 Double-Bit Axe
16:22 Horse Collar
24:52 Castle Age
23:18 Gold Mining
23:45 Stone Mining
24:05 Scale Mail Armor
26:10 Bow Saw
26:40 Squires
26:47 Pikeman
30:00 Wheelbarrow
30:44 Heavy Plow
33:12 Chain Mail Armor
34:05 Arson
40:26 Imperial Age
42:30 Plate Mail Armor
44:13 Halberdier
45:24 Town Watch
48:23 Crop Rotation
49:06 Town Patrol
49:56 Conscription
50:49 Ironclad
54:44 Elite Teutonic Knight
59:55 Hand Cart
61:35 Two-Man Saw
63:07 Fortified Wall
63:08 Masonry
70:07 Cavalier
Tonto
1:01 Loom
13:42 Feudal Age
14:08 Horse Collar
14:20 Double-Bit Axe
20:30 Wheelbarrow
23:37 Castle Age
22:02 Scale Barding Armor
22:15 Scale Barding Armor
22:21 Forging
24:47 Caravan
25:01 Heavy Plow
25:13 Bow Saw
32:54 Imperial Age
31:08 Ballistics
32:41 Chain Barding Armor
32:59 Iron Casting
34:49 Chemistry
36:17 Logistica
38:53 Plate Barding Armor
42:40 Elite Cataphract
43:26 Husbandry
45:30 Two-Man Saw
49:12 Onager
59:59 Crop Rotation
62:11 Hand Cart
67:03 Hoardings
67:08 Hoardings
Ahab Schrader
1:00 Loom
14:38 Feudal Age
15:58 Wheelbarrow
15:15 Double-Bit Axe
15:20 Town Watch
15:29 Gold Mining
15:22 Horse Collar
19:17 Forging
19:08 Scale Mail Armor
21:20 Castle Age
19:50 Stone Mining
21:44 Forging
21:34 Scale Mail Armor
21:39 Scale Barding Armor
23:01 Caravan
23:43 Iron Casting
23:54 Hand Cart
24:24 Town Patrol
25:31 Gold Shaft Mining
25:22 Heavy Plow
25:40 Bow Saw
31:38 Imperial Age
29:38 Chain Mail Armor
30:29 Chain Barding Armor
30:16 Detinets
32:58 Crop Rotation
36:15 Two-Man Saw
34:49 Elite Boyar
36:41 Fortified Wall
39:17 Plate Barding Armor
40:07 Conscription
40:57 Druzhina
48:20 Hoardings
47:16 Sappers
50:25 Coinage
54:28 Chemistry
53:48 Ballistics
53:39 Masonry
56:15 Man-at-Arms
56:57 Squires
57:11 Long Swordsman
57:24 Long Swordsman
59:11 Blast Furnace
58:41 Plate Mail Armor
58:31 Two-Handed Swordsman
59:12 Champion
59:28 Onager
61:07 Siege Onager
65:25 Siege Engineers
65:16 Murder Holes
Connection lost

Rejoining the realm…

Still unreachable

The connection could not be restored.

Session expired

The server has moved on; the page needs a fresh start.